 Dungeon Crawl Stone Soup version 0.25-a0-189-gf71692caf1 (webtiles) character file.

Game seed: 6896447371478817690, levelgen mode: deterministic

1866 RedPan the Thaumaturge (level 8, 0/57 HPs)
             Began as a Purple Draconian Ice Elementalist on Nov 29, 2019.
             Was a Believer of Vehumet.
             Slain by a sky beast (6 damage)
             ... on level 6 of the Dungeon.
             The game lasted 00:19:23 (7834 turns).

RedPan the Thaumaturge (DrIE)                       Turns: 7834, Time: 00:19:23

Health: 0/57       AC:  7    Str: 11    XL:     8   Next: 90%
Magic:  12/29      EV: 12    Int: 18    God:    Vehumet [**....]
Gold:   269        SH:  4    Dex: 11    Spells: 14/23 levels left

rFire    . . .     SeeInvis .   h - +1 short sword
rCold    . . .     Gourm    .   E - +0 buckler
rNeg     . . .     Faith    .   (armour unavailable)
rPois    .         Spirit   .   (helmet restricted)
rElec    .         Reflect  .   (no cloak)
rCorr    .         Harm     .   (no gloves)
MR       +....     Rnd*Tele +   r - +0 pair of boots
Stlth    ++........             (no amulet)
HPRegen  0.19/turn              d - ring of magical power
MPRegen  0.21/turn              o - ring of teleportation (curse)

@: very slightly contaminated
A: breathe power, unfitting armour, cold-blooded, AC +6
a: Breathe Dispelling Energy, Renounce Religion


You were on level 6 of the Dungeon.
You worshipped Vehumet.
Vehumet was pleased with you.
You were not hungry.

You visited 2 branches of the dungeon, and saw 8 of its levels.

You collected 401 gold pieces.
You spent 132 gold pieces at shops.

Inventory:

Hand Weapons
 h - a +1 short sword (weapon)
 j - a cursed -2 trident
Armour
 r - a +0 pair of boots (worn)
 E - a +0 buckler (worn)
Jewellery
 d - a ring of magical power (left hand)
 e - a +2 ring of dexterity
 i - a +2 ring of intelligence
 o - a cursed ring of teleportation (right hand)
 v - an uncursed ring of ice
 F - an uncursed ring of fire {unknown}
Wands
 z - a wand of disintegration (14)
 A - a wand of polymorph (5)
 C - a wand of enslavement (8)
Scrolls
 q - 5 scrolls of blinking
 t - 4 scrolls of enchant weapon
 w - 2 scrolls of teleportation
 x - 2 scrolls of magic mapping
 y - a scroll of enchant armour
 G - a scroll of fog
Potions
 c - a potion of brilliance
 g - 3 potions of curing
 k - a potion of might
 l - a potion of cancellation {unknown}
 m - a potion of agility {unknown}
 n - a potion of invisibility
 p - 2 potions of haste
 s - a potion of degeneration {unknown}
 u - 2 potions of magic {unknown}
 B - a potion of heal wounds
 D - a potion of mutation {unknown}
Comestibles
 b - 16 rations
 H - 11 chunks of flesh


   Skills:
 - Level 2.0 Dodging
 - Level 2.0 Stealth
 + Level 2.1 Shields
 + Level 8.0 Spellcasting
 - Level 1.0 Conjurations
 - Level 5.0 Summonings
 + Level 7.6 Ice Magic


You had 14 spell levels left.
You knew the following spells:

 Your Spells              Type           Power        Failure   Level  Hunger
a - Freeze                Ice            ####         1%          1    None
b - Summon Ice Beast      Ice/Summ       ####....     9%          4    ###....
c - Throw Icicle          Conj/Ice       ###.....     21%         4    ###....

Your spell library contained the following spells:

 Spells                   Type           Power        Failure   Level  Hunger
 Flame Tongue             Conj/Fire      #....        10%         1    None
 Throw Frost              Conj/Ice       ###...       3%          2    None
 Ozocubu's Armour         Chrm/Ice       ###.....     8%          3    #......
 Magic Dart               Conj           ##..         9%          1    None
 Beastly Appendage        Tmut           #.....       12%         1    None
 Searing Ray              Conj           ##....       12%         2    None
 Sticks to Snakes         Tmut           #.......     19%         2    None
 Ice Form                 Ice/Tmut       ###.....     26%         4    ###....
 Dazzling Spray           Conj/Hex       #.....       30%         3    #......
 Spider Form              Tmut/Pois      #.........   36%         3    #......
 Iskenderun's Mystic Bla  Conj           ##......     63%         4    ###....
 Force Lance              Conj/Tloc      #.......     69%         4    ###....
 Fulminant Prism          Conj/Hex       #.........   69%         4    ###....
 Blade Hands              Tmut           #.........   98%         5    #####..


Dungeon Overview and Level Annotations

Branches:
Dungeon (7/15)             Temple (1/1) D:5

Altars:
Ashenzari
Cheibriados
Dithmenos
Elyvilon
Gozag
Hepliaklqana
Kikubaaqudgha
Nemelex Xobeh
Okawaru
Ru
Sif Muna
Trog
Vehumet
Wu Jian
Xom
Zin
The Shining One

Shops:
D:4 (   D:5 ?


Innate Abilities, Weirdness & Mutations

You can breathe bolts of dispelling energy.
Your rich purple scales are hard. (AC +6)
You cannot fit into any form of body armour.
You are cold-blooded and may be slowed by cold attacks.


Message History

Confirm with . or Enter, or press ? or * to list all spells.
You can't see any susceptible monsters within range! (Use Z to cast anyway.)
Casting: Freeze (safe; 1% risk of failure)
Confirm with . or Enter, or press ? or * to list all spells.
Aiming: Freeze (safe; 1% risk of failure)
Press: ? - help, Shift-Dir - straight line You freeze something.
Something hits you.
* * * LOW HITPOINT WARNING * * *
Something shocks you.
* * * LOW HITPOINT WARNING * * *
Casting: Freeze (safe; 1% risk of failure)
Confirm with . or Enter, or press ? or * to list all spells.
Aiming: Freeze (safe; 1% risk of failure)
Press: ? - help, Shift-Dir - straight line You freeze something.
A sky beast appears from thin air!
Reactivating autopickup.
The sky beast hits you.
* * * LOW HITPOINT WARNING * * *
The sky beast shocks you.
You die...

#####.......#......#....######
#...#..........#####.....###..
##......##....<.# ##..........
#.......##.....#####...........
##...#...#.###.##..............
##.###..#.###.##.###....#.#...
######...#...#..##.....###...
#........Y.#..[......###..
#......[.@.#........######
##....................#..#
##.#####.................
#####...##....(.....#..#..
#.##.....##.......[.####..
####.#.......#.........# ##.
#....#..._...#.).......# #.
#....#.......#........## #.
##...##.....####.......#####.


You could see a sky beast.

Vanquished Creatures
  A water moccasin (D:7)
  A centaur (D:4)
  2 bullfrogs (D:6)
  2 crimson imps
  A bullfrog skeleton (D:5)
  2 hounds
  An iguana (D:5)
  4 orc wizards
  4 worker ants
  2 hound skeletons (D:5)
  6 adders
  5 gnolls
  A shadow imp (D:5)
  An ooze (D:5)
  An adder zombie (D:7)
  2 adder skeletons
  4 worms
  2 dart slugs
  8 leopard geckos
  7 orcs
  7 bats
  8 giant cockroaches
  9 hobgoblins
  33 jackals
  5 kobolds
  4 quokkas
  2 ball pythons
  7 frilled lizards
  9 goblins
  A leopard gecko zombie (D:6)
  7 rats
149 creatures vanquished.

Vanquished Creatures (collateral kills)
  A two-headed ogre (D:5)
  Sigmund (D:5)
  An orc warrior (D:7)
  An ice beast (D:5)
  2 ogres
  A gnoll sergeant (D:5)
  4 wights (D:6)
  A crimson imp (D:7)
  9 orc wizards (D:6)
  An iguana (D:7)
  4 gnolls
  7 orcs
  A quokka (D:7)
34 creatures vanquished.

Grand Total: 183 creatures vanquished

Notes
Turn   | Place    | Note
-------+----------+-------------------------------------------
     0 | D:1      | RedPan the Draconian Ice Elementalist began the quest for
                  | the Orb.
     0 | D:1      | Reached XP level 1. HP: 14/14 MP: 3/3
   373 | D:1      | Reached XP level 2. HP: 15/20 MP: 1/5
  1193 | D:1      | Reached XP level 3. HP: 26/26 MP: 4/6
  1669 | D:2      | Reached skill level 3 in Spellcasting
  1847 | D:2      | Reached XP level 4. HP: 33/33 MP: 8/8
  1863 | D:2      | Learned a level 4 spell: Summon Ice Beast
  2074 | D:2      | Found a white marble altar of Elyvilon.
  2397 | D:2      | Reached skill level 1 in Summonings
  2942 | D:2      | Found a shimmering blue altar of Sif Muna.
  3085 | D:3      | Reached XP level 5. HP: 34/38 MP: 10/10
  3160 | D:3      | Found a shattered altar of Ashenzari.
  4092 | D:3      | Learned a level 4 spell: Throw Icicle
  4139 | D:4      | Found Goptamad's Weapon Shop.
  4418 | D:4      | Noticed a centaur
  4424 | D:4      | Killed a centaur
  4424 | D:4      | Reached XP level 6. HP: 19/45 MP: 11/11
  4750 | D:5      | Entered Level 5 of the Dungeon
  4787 | D:5      | Reached skill level 4 in Spellcasting
  4886 | D:5      | Reached skill level 5 in Ice Magic
  5074 | D:5      | Found Wyha's Magic Scroll Shoppe.
  5078 | D:5      | Found a staircase to the Ecumenical Temple.
  5079 | D:5      | Bought a scroll of magic mapping for 42 gold pieces
  5079 | D:5      | Bought a scroll of enchant armour for 90 gold pieces
  5087 | Temple   | Entered the Ecumenical Temple
  5133 | Temple   | Became a worshipper of Vehumet
  5262 | D:5      | Noticed Sigmund
  5294 | D:5      | Killed Sigmund
  5294 | D:5      | Your scales start taking on a rich purple colour.
  5294 | D:5      | Reached skill level 5 in Spellcasting
  5294 | D:5      | Reached XP level 7. HP: 50/50 MP: 15/15
  5867 | D:5      | Noticed a two-headed ogre
  6543 | D:5      | Killed a two-headed ogre
  6543 | D:5      | Reached skill level 6 in Spellcasting
  6543 | D:5      | Reached XP level 8. HP: 57/57 MP: 0/17
  6787 | D:6      | Reached * piety under Vehumet
  6787 | D:6      | Offered knowledge of Shock by Vehumet.
  7064 | D:6      | Reached skill level 5 in Summonings
  7106 | D:6      | Reached skill level 7 in Spellcasting
  7447 | D:6      | Found an ornate altar of the Wu Jian Council.
  7714 | D:7      | Found a shimmering altar of Xom.
  7748 | D:7      | Reached skill level 1 in Shields
  7757 | D:7      | Reached ** piety under Vehumet
  7759 | D:7      | Offered knowledge of Flame Tongue by Vehumet.
  7799 | D:7      | Reached skill level 8 in Spellcasting
  7834 | D:6      | Slain by a sky beast

Levels and vault maps discovered:
D:1:      minmay_arrival_widening_spiral_narrow, layout_loops_ring,
          serial_rivers, chequers_serial_rivers_small_b,
          chequers_serial_rivers_small_b, chequers_serial_rivers_small_3,
          chequers_serial_rivers_room_b
D:2:      layout_basic, led_sif_pool, old_standard_altar,
          chequers_serial_rivers_small_3, minmay_joined_circles
D:3:      layout_basic, ashenzari_altar_1
D:4:      layout_rooms, serial_shops, shop, first_ration
D:5:      layout_loops_ring, minmay_temple_entry_junction, serial_shops, shop,
          uniq_sigmund
D:6:      minmay_flawed_box, layout_cave_pools, lemuel_round_altar
D:7:      layout_cave_pools, kennysheep_little_box,
          gammafunk_temple_overflow_claw, grunt_qazlal_clouds, basic_altar,
          enter_ossuary_1, gammafunk_ghost_grave
Temple:   dshaligram_water_room_temple

Skill      XL: |  1  2  3  4  5  6  7  8 |
---------------+-------------------------+-----
Stealth        | 2 |  2.0
Dodging        | 2 |  2.0
Spellcasting   | 3 5 6 8 |  8.0
Ice Magic      | 4 5 6 7 |  7.6
Summonings     | 1 2 3 4 5 |  5.0
Shields        | 2 |  2.1
Conjurations   | |  1.0

Action                   |  1- 3 |  4- 6 |  7- 9 || total
-------------------------+-------+-------+-------++-------
Melee: Club              |    13 |       |       ||    13
       Short sword       |    51 |    76 |    72 ||   199
       Tailslap          |     7 |    10 |     4 ||    21
 Cast: Freeze            |    41 |   117 |    74 ||   232
       Summon Ice Beast  |       |     1 |    45 ||    46
  Use: Scroll            |     4 |     8 |     3 ||    15
       Potion            |       |       |     1 ||     1
 Stab: Sleeping          |     4 |     1 |       ||     5
       Distracted        |       |       |     1 ||     1
  Eat: Chunk             |     3 |    11 |    10 ||    24
       Ration            |       |       |     1 ||     1
Armor: Skin              |    34 |    53 |    62 ||   149
Dodge: Dodged            |    61 |   105 |    89 ||   255
Block: Buckler           |       |       |     4 ||     4

Table legend:
 A = Non-vault XP
 B = Vault XP
 C = Vault XP percentage of total XP
 D = Non-vault monster count
 E = Vault monster count
 F = Vault count percentage of total count
                 A         B        C        D         E       F
            +---------+---------+-------+---------+---------+-------
      Total |    2184 |     482 |  18.1 |     156 |      27 |  14.8
            +---------+---------+-------+---------+---------+-------
        D:1 |      42 |       0 |   0.0 |      24 |       0 |   0.0
        D:2 |     103 |      42 |  29.0 |      23 |      14 |  37.8
        D:3 |      72 |       0 |   0.0 |      26 |       0 |   0.0
        D:4 |     159 |       0 |   0.0 |      10 |       0 |   0.0
        D:5 |     955 |     112 |  10.5 |      30 |       1 |   3.2
        D:6 |     469 |     328 |  41.2 |      23 |      12 |  34.3
        D:7 |     384 |       0 |   0.0 |      20 |       0 |   0.0
            +---------+---------+-------+---------+---------+-------
